 Dungeon Sprint DCSS version 0.21.1-1-g345015f (webtiles) character file.

15443 wojtek the Executioner (level 12, -3/122 HPs)
             Began as a Minotaur Berserker on Mar 10, 2018.
             Was the Champion of Trog.
             Slain by a death yak (17 damage)
             ... in the Dungeon (Sprint III: "The Ten Rune Challenge").
             The game lasted 00:07:28 (1930 turns).

wojtek the Executioner (Minotaur Berserker)         Turns: 1930, Time: 00:07:29

Health: -3/122     AC: 15    Str: 29    XL:     12   Next: 1%
Magic:  11/20      EV: 15    Int:  4    God:    Trog [******]
Gold:   6785       SH:  0    Dex: 10    Spells: 11/11 levels left

rFire    . . .     SeeInvis +   D - +3 executioner's axe "Xischaer" {chop, *Contam +Blink rC+++}
rCold    + + +     Gourm    .   (shield currently unavailable)
rNeg     . . .     Faith    .   A - +0 chain mail
rPois    .         Spirit   .   H - +2 hat
rElec    .         Reflect  .   (no cloak)
rCorr    .         Harm     .   (no gloves)
MR       .....     NoTele   +   (no boots)
Stlth    ..........             (no amulet)
HPRegen  0.30/turn              b - ring "Rotais Nucs" {rC+ MP+9 Str+2 SInv}
MPRegen  0.17/turn              (no ring)

@: no status effects
A: retaliatory headbutt, horns 2
a: Berserk, Trog's Hand, Brothers in Arms, Burn Spellbooks, Renounce Religion,
Evoke Blink


You were in the Dungeon.
You worshipped Trog.
Trog was exalted by your worship.
You were not hungry.

You visited 1 branch You collected 7462 gold pieces.
You spent 677 gold pieces at shops.

Inventory:

Hand Weapons
 a - a +0 hand axe
 t - a +5 vampiric battleaxe
 v - a +2 antimagic executioner's axe
 w - a +4 antimagic battleaxe
 y - a +1 antimagic battleaxe
 z - a +4 antimagic battleaxe
 B - a +2 antimagic broad axe
 D - the +3 executioner's axe "Xischaer" (weapon) {chop, *Contam +Blink rC+++}
   (Trog gifted it to you in the Dungeon)

   It inflicts extra damage upon your enemies.
   It renders you almost immune to cold.
   It lets you blink.
   It causes magical contamination when unequipped.
 F - the +2 hand axe of the Median {vamp, Fragile rC- rN+ Dex+7, unknown}
   (Trog gifted it to you in the Dungeon)

   It inflicts no extra harm, but heals its wielder when it wounds a living foe.
   It affects your dexterity (+7).
   It makes you vulnerable to cold.
   It protects you from negative energy.
   It will be destroyed if unequipped.
 G - a +2 antimagic battleaxe
Missiles
 s - 7 throwing nets (quivered)
 C - 5 needles of paralysis
Armour
 A - a +0 chain mail (worn)
 H - a +2 hat (worn)
Jewellery
 b - the ring "Rotais Nucs" (left hand) {rC+ MP+9 Str+2 SInv}
   (You bought it in a shop in the Dungeon)

   [ring of see invisible]

   It affects your strength (+2).
   It protects you from cold.
   It affects your magic capacity (+9).
   It lets you see invisible.
Wands
 u - a wand of iceblast (10)
 x - a wand of disintegration (16)
Scrolls
 i - 2 scrolls of blinking
 j - a scroll of enchant armour {unknown}
 l - a scroll of torment {unknown}
 m - 3 scrolls of identify
 n - a scroll of remove curse {unknown}
 p - a scroll of holy word {unknown}
Potions
 d - 2 potions of curing
 e - 3 potions of heal wounds
 f - 2 potions of haste
 g - 2 potions of magic
 h - a potion of berserk rage
 k - 4 potions of mutation {unknown}
 o - 4 potions of flight
 q - a potion of degeneration {unknown}
Miscellaneous
 r - a fan of gales
Comestibles
 c - 20 rations
 E - 3 chunks of flesh


   Skills:
 + Level 16.1 Fighting
 * Level 21.3 Axes
 + Level 15.9 Armour
 + Level 14.8 Dodging


You had 11 spell levels left.
You didn't know any spells.

Dungeon Overview and Level Annotations

Branches:
Dungeon (1/1)

Altars:
Cheibriados
Dithmenos
Elyvilon
Fedhas
Gozag
Hepliaklqana
Kikubaaqudgha
Makhleb
Nemelex Xobeh
Okawaru
Qazlal
Ru
Sif Muna
Trog
Uskayaw
Vehumet
Wu Jian
Xom
Yredelemnul
Zin
The Shining One
Beogh
Jiyva
Lugonu

Shops:
D =


Innate Abilities, Weirdness & Mutations

You reflexively headbutt those who attack you in melee.
You have a pair of horns on your head.


Message History

Trog grants you a weapon!
The blink frog hits you but does no damage.
You slice the blink frog!!
You kill the blink frog!
Trog accepts your kill.
You have reached level 12!
Your experience leads to an increase in your attributes!
Your base attributes are Str 25, Int 4, Dex 10.
Increase (S)trength, (I)ntelligence, or (D)exterity?
You feel stronger. x2
You cut the death yak into ribbons!!! Your headbutt misses the death yak.
The death yak is severely wounded.
The death yak gores you!!
* * * LOW HITPOINT WARNING * * *
You hit the death yak but do no damage. You headbutt the death yak.
The death yak is almost dead.
You slash the death yak! Your headbutt misses the death yak.
The death yak is almost dead.
The death yak gores you!
You die...

▓.................#___#__'...#)..
▓▓▓▓▓▓▓▓▓▓▓▓▓▓▓▓▓▓▓▓▓▓▓▓▓▓▓▓▓▓▓▓▓
▓...'≈≈≈≈≈§§≈.♣♣.....♣♣♣♣≈≈≈....
▓...#≈≈≈§§§≈≈≈♣♣.≈≈≈≈÷♣♣†♣≈≈≈≈≈≈
▓..P#≈.§§§≈.≈≈≈'.....#.≈♣♣♣♣♣♣♣♣
▓...#≈≈§§§≈.≈≈♣♣♣♣♣♣♣#..♣
▓..[#≈≈§§§..≈≈♣ ###+
▓##'####'#######♣
▓.......)......@♣♣
▓#+#############Y♣ .JJ#
P....F..Y..♣ ▓..J+ ≈...########
▓...# ≈ ▓...# #+###


You could see a death yak.

Vanquished Creatures
  Rupert (D)
  Gastronok (D)
  2 dire elephants (D)
  Erolcha (D)
  3 death yaks (D)
  A deep elf mage (D)
  An orc sorcerer (D)
  2 elephants (D)
  2 spiny frogs (D)
  A komodo dragon (D)
  A rime drake (D)
  A queen bee (D)
  7 blink frogs (D)
  A shadow (D)
  3 wandering mushrooms (D)
  2 redbacks (D)
  A spatial vortex (D)
  A swamp drake (D)
  An orc warrior (D)
  A necrophage (D)
  5 two-headed ogres (D)
  A water elemental (D)
  32 killer bees (D)
  A jelly (D)
  A wizard (D)
  Jessica (D)
  A necromancer (D)
  3 humans (D)
  A kobold demonologist (D)
  An ooze (D)
  A phantom (D)
  2 orcs (D)
  2 rats (D)
86 creatures vanquished.

Vanquished Creatures (collateral kills)
  2 orc warriors (D)
  2 orc priests (D)
  4 orc wizards (D)
  6 orcs (D)
14 creatures vanquished.

Vanquished Creatures (others)
  2 draconian scorchers (D)
  6 hellions (D)
  3 yaktaurs (D)
  3 plants (D)
14 creatures vanquished.

Grand Total: 114 creatures vanquished

Notes
Turn   | Place    | Note
-------+----------+-------------------------------------------
     0 | D        | wojtek the Minotaur Berserker began the quest for the Orb.
     0 | D        | Reached XP level 1. HP: 19/19 MP: 0/0
     5 | D        | Reached skill level 4 in Axes
    11 | D        | Noticed Jessica
    11 | D        | Reached ** piety under Trog
    16 | D        | Killed Jessica
    16 | D        | Reached skill level 5 in Axes
    16 | D        | Reached XP level 2. HP: 28/28 MP: 1/1
    16 | D        | Reached XP level 3. HP: 35/35 MP: 2/2
    41 | D        | Reached skill level 5 in Fighting
    41 | D        | Reached skill level 6 in Axes
    59 | D        | Killed a yaktaur
    89 | D        | Killed a hellion
    93 | D        | Reached *** piety under Trog
   106 | D        | Killed a hellion
   108 | D        | Killed a hellion
   117 | D        | Killed a white draconian scorcher
   130 | D        | Killed a hellion
   132 | D        | Killed a hellion
   150 | D        | Killed a white draconian scorcher
   180 | D        | Noticed a water elemental
   187 | D        | Killed a water elemental
   187 | D        | Reached skill level 7 in Axes
   187 | D        | Reached skill level 5 in Armour
   187 | D        | Reached skill level 5 in Dodging
   187 | D        | Reached XP level 4. HP: 11/44 MP: 3/3
   227 | D        | Killed a hellion
   332 | D        | Killed a yaktaur
   420 | D        | Found a radiant altar of Vehumet.
   421 | D        | Found a deep blue altar of Sif Muna.
   421 | D        | Found an ancient bone altar of Kikubaaqudgha.
   421 | D        | Noticed a wizard
   426 | D        | Reached skill level 8 in Axes
   430 | D        | Killed a wizard
   430 | D        | Reached **** piety under Trog
   430 | D        | Reached XP level 5. HP: 47/51 MP: 4/4
   445 | D        | Found a glowing silver altar of Zin.
   446 | D        | Found a glowing golden altar of the Shining One.
   446 | D        | Found a white marble altar of Elyvilon.
   446 | D        | Noticed a deep elf mage
   454 | D        | Killed a deep elf mage
   454 | D        | Reached ***** piety under Trog
   454 | D        | Reached skill level 11 in Axes
   454 | D        | Reached XP level 6. HP: 63/63 MP: 5/5
   454 | D        | Reached XP level 7. HP: 70/70 MP: 6/6
   508 | D        | Found a hide-covered altar of Uskayaw.
   508 | D        | Found an iron altar of Okawaru.
   509 | D        | Found a roughly hewn altar of Beogh.
   509 | D        | Found a bloodstained altar of Trog.
   509 | D        | Found an ornate altar of the Wu Jian Council.
   509 | D        | Noticed a human
   509 | D        | Noticed a human
   512 | D        | Received a gift from Trog
   514 | D        | Killed a human
   514 | D        | Reached skill level 12 in Axes
   524 | D        | Killed a human
   554 | D        | Found a shadowy altar of Dithmenos.
   556 | D        | Reached skill level 13 in Axes
   559 | D        | Found a basalt altar of Yredelemnul.
   559 | D        | Found a sacrificial altar of Ru.
   566 | D        | Noticed a shadow
   571 | D        | Reached skill level 10 in Fighting
   572 | D        | Killed a shadow
   572 | D        | Reached XP level 8. HP: 33/79 MP: 7/7
   756 | D        | Found a blossoming altar of Fedhas.
   756 | D        | Found a stormy altar of Qazlal.
   757 | D        | Found a snail-covered altar of Cheibriados.
   757 | D        | Found a burning altar of Makhleb.
   757 | D        | Found a hazy altar of Hepliaklqana.
   757 | D        | Found a shimmering altar of Xom.
   757 | D        | Found an opulent altar of Gozag.
   757 | D        | Found a sparkling altar of Nemelex Xobeh.
   757 | D        | Found a corrupted altar of Lugonu.
   757 | D        | Found a viscous altar of Jiyva.
   761 | D        | Reached skill level 10 in Armour
   837 | D        | Received a gift from Trog
   837 | D        | Reached skill level 14 in Axes
   961 | D        | Noticed a two-headed ogre
   970 | D        | Killed a two-headed ogre
  1021 | D        | Noticed a two-headed ogre
  1021 | D        | Noticed Erolcha
  1025 | D        | Killed Erolcha
  1025 | D        | Reached skill level 15 in Axes
  1025 | D        | Reached skill level 10 in Dodging
  1025 | D        | Reached XP level 9. HP: 90/90 MP: 8/8
  1029 | D        | Killed a two-headed ogre
  1029 | D        | Reached ****** piety under Trog
  1074 | D        | Received a gift from Trog
  1078 | D        | Reached skill level 16 in Axes
  1083 | D        | Found Peypt's Jewellery Emporium.
  1083 | D        | Noticed an orc sorcerer
  1084 | D        | Noticed a red devil
  1086 | D        | Received a gift from Trog
  1090 | D        | Received a gift from Trog
  1091 | D        | Killed an orc sorcerer
  1215 | D        | Bought the ring "Rotais Nucs" {rC+ MP+9 Str+2 SInv} for 677 gold pieces
  1240 | D        | Killed a yaktaur
  1445 | D        | Received a gift from Trog
  1447 | D        | Reached XP level 10. HP: 100/100 MP: 9/9
  1453 | D        | Reached skill level 17 in Axes
  1457 | D        | Received a gift from Trog
  1470 | D        | Received a gift from Trog
  1480 | D        | Received a gift from Trog
  1484 | D        | Received a gift from Trog
  1574 | D        | Received a gift from Trog
  1574 | D        | Reached skill level 18 in Axes
  1577 | D        | Got a shimmering executioner's axe {god gift}
  1583 | D        | Noticed a spiny frog
  1583 | D        | Noticed a spiny frog
  1589 | D        | Killed a spiny frog
  1591 | D        | Killed a spiny frog
  1720 | D        | Received a gift from Trog
  1731 | D        | Got a bone hand axe {god gift}
  1735 | D        | Reached skill level 19 in Axes
  1735 | D        | Reached XP level 11. HP: 111/111 MP: 10/10
  1748 | D        | Noticed Rupert
  1756 | D        | Killed Rupert
  1783 | D        | Noticed a dire elephant
  1786 | D        | Noticed a dire elephant
  1799 | D        | Killed a dire elephant
  1799 | D        | Reached skill level 15 in Fighting
  1799 | D        | Reached skill level 20 in Axes
  1808 | D        | Killed a dire elephant
  1808 | D        | Received a gift from Trog
  1808 | D        | Reached skill level 15 in Armour
  1834 | D        | Noticed Gastronok
  1861 | D        | Killed Gastronok
  1882 | D        | Noticed an azure jelly
  1882 | D        | Noticed an azure jelly
  1882 | D        | Noticed an azure jelly
  1884 | D        | Noticed an azure jelly
  1896 | D        | Identified the +3 executioner's axe "Xischaer" {chop, *Contam +Blink rC+++} (Trog gifted it to you in the Dungeon)
  1901 | D        | Noticed a death yak
  1902 | D        | Noticed a death yak
  1907 | D        | Noticed a death yak
  1908 | D        | Noticed a death yak
  1908 | D        | Killed a death yak
  1916 | D        | Killed a death yak
  1916 | D        | Reached skill level 21 in Axes
  1926 | D        | Killed a death yak
  1926 | D        | Received a gift from Trog
  1927 | D        | Reached XP level 12. HP: 36/122 MP: 10/11
  1930 | D        | Slain by a death yak

Skill      XL: |  1  2  3  4  5  6  7  8  9 10 11 |
---------------+----------------------------------+-----
Fighting       | 4 6 9 10 11 12 14 16 | 16.1
Axes           | 5 7 8 11 13 15 16 19 21 | 21.3
Armour         | 4 5 6 8 9 11 12 14 15 | 15.9
Dodging        | 3 5 7 9 10 11 13 14 | 14.8

Action                   |  1- 3 |  4- 6 |  7- 9 | 10-12 || total
-------------------------+-------+-------+-------+-------++-------
Melee: Hand axe          |    25 |    10 |     7 |       ||    42
       Headbutt          |     2 |     3 |    15 |    33 ||    53
       Battleaxe         |       |       |    54 |   131 ||   185
       Executioner's axe |       |       |       |    22 ||    22
Invok: Berserk           |     2 |       |     1 |       ||     3
       Burn Spellbooks   |       |     1 |     1 |       ||     2
       Brothers in Arms  |       |       |     1 |     1 ||     2
 Stab: Sleeping          |     1 |       |       |       ||     1
  Eat: Ration            |       |       |     2 |       ||     2
       Chunk             |       |       |     2 |     3 ||     5
Armor: Animal skin       |     1 |       |       |       ||     1
       Ring mail         |       |       |     4 |       ||     4
       Chain mail        |       |       |     7 |    49 ||    56
Dodge: Dodged            |     5 |    10 |    48 |   124 ||   187
